 Dungeon Crawl Stone Soup version 0.29-a0-375-g5102b3be25 (webtiles) character file.

Game seed: 13324283508684133284

54 zishaf the Sneak (level 3, -1/26 HPs)
             Began as a Vampire Enchanter on May 3, 2022.
             Slain by Terence
             ... wielding a +2 trident of venom
              (2 damage)
             ... on level 2 of the Dungeon.
             The game lasted 00:02:35 (1334 turns).

zishaf the Sneak (Vampire Enchanter)                Turns: 1334, Time: 00:02:36

Health: -1/26      AC:  6    Str:  7    XL:     3   Next: 66%
Magic:  6/6        EV: 11    Int: 19    God:
Gold:   129        SH:  0    Dex: 14    Spells: 4/6 levels left

rFire   . . .      SeeInvis +   a - +3 dagger (elec)
rCold   . . .      Faith    .   (no shield)
rNeg    . . .      Spirit   .   s - +0 leather armour
rPois   .          Reflect  .   (no helmet)
rElec   .          Harm     .   (no cloak)
rCorr   .          Rampage  .   u - +2 pair of gloves
Will    .....                   (no boots)
Stlth   +++.......              (no amulet)
HPRegen 0.28/turn               (no ring)
MPRegen 0.10/turn               (no ring)

@: mighty, lethally poisoned (-1 -> -8), healing quickly
A: alive, fangs 3, see invisible, vampiric 2
a: Exsanguinate


You were on level 2 of the Dungeon.
You visited 1 branch of the dungeon, and saw 2 of its levels.

You collected 129 gold pieces.

Inventory:

Hand Weapons
 a - a +3 dagger of electrocution (weapon)
 b - a +1 hunting sling of freezing
 l - a +1 dagger
Missiles
 j - 2 javelins
Armour
 f - a +0 robe
 s - a +0 leather armour (worn)
 u - a +2 pair of gloves (worn)
Jewellery
 o - a ring of fire
Scrolls
 e - a scroll of fog {unknown}
 h - a scroll of identify {unknown}
 i - a scroll of poison {unknown}
 r - a scroll of enchant armour {unknown}
 t - a scroll of enchant weapon {unknown}
Potions
 c - 3 potions of invisibility
 d - a potion of might
 g - a potion of flight {unknown}
 k - a potion of haste {unknown}
 m - a potion of heal wounds {unknown}
 n - a potion of mutation {unknown}
 p - a potion of attraction {unknown}
 q - a potion of curing {unknown}


   Skills:
 + Level 1.0 Fighting
 + Level 2.1 Short Blades
 - Level 2.4 Dodging
 + Level 5.1 Stealth
 - Level 2.1 Spellcasting
 + Level 5.0 Hexes


You had 4 spell levels left.
You knew the following spells:

 Your Spells              Type           Power      Damage    Failure   Level
a - Ensorcelled Hibernat  Hex/Ice        22%        N/A       14%         2

Your spell library contained the following spells:

 Spells                   Type           Power      Damage    Failure   Level
 Confusing Touch          Hex            21%        N/A       10%         3
 Tukima's Dance           Hex            21%        N/A       10%         3
 Dazzling Flash           Conj/Hex       22%        N/A       26%         3
 Passwall                 Tmut/Erth      1%         N/A       36%         2
 Swiftness                Air            2%         N/A       58%         3


Dungeon Overview and Level Annotations

Branches:
Dungeon (2/15)

Altars:

Annotations:
D:2 Terence


Innate Abilities, Weirdness & Mutations

Your natural rate of healing is accelerated.
You have razor-sharp teeth.
You have supernaturally acute eyesight. (SInv)
You are afflicted with vampirism and can become a bat while bloodless.


Message History

You add the spells Passwall and Swiftness to your library.
A dart slug comes into view.
Found a pair of embroidered gloves.
The dart slug barely misses you.
You hit the dart slug.
Lightning courses through the dart slug!
You kill the dart slug!
No target in view!
You see here a dart slug corpse.
You see here a +2 pair of gloves.
A rat comes into view.
The helpless rat fails to defend itself.
You impale the rat!!
You kill the rat!
Your Fighting skill increases to level 1!
No target in view!
You see here a +2 pair of gloves.
u - a +2 pair of gloves You start putting on your armour.
You continue putting on your +2 pair of gloves. x4
You finish putting on your +2 pair of gloves.
Terence the Incautious comes into view.
He is wielding a +2 trident of venom.
Terence shouts!
Terence hits you from afar with a +2 trident of venom!
Terence closely misses you.
You hit Terence. You bite Terence, but do no damage.
Terence is lightly wounded.
Terence hits you with a +2 trident of venom!
You are lethally poisoned!
You are too injured to fight recklessly!
You barely miss Terence. You bite Terence, but do no damage.
Terence is lightly wounded.
You feel very sick.
Terence hits you with a +2 trident of venom.
* * * LOW HITPOINT WARNING * * *
It was a potion of might.
You feel very mighty all of a sudden.
* * * LOW HITPOINT WARNING * * *
You feel sick.
Terence hits you with a +2 trident of venom.
You die...

#.#^..........#
#. #.##.#
#.#..#.##.....#
##.##.##†#
#......# .....#
#......#.#
#.##.### ####
#....#...#
.....#
#.#.###.##
#.#### ##
#.#.†#.## #.#
###
#####.##.#.#..#
#<##....
......@#......#
.......#
#....@...####
...###.#
##...##### .#.#
.# ##.#
.#.###.# ##
#......#
....#### ....#
...## ...#


You could see Terence.

Vanquished Creatures
  An adder (D:2)
  5 dart slugs
  3 bats (D:1)
  3 endoplasms
  4 giant cockroaches
  3 goblins (D:1)
  4 hobgoblins
  2 ball pythons (D:1)
  2 frilled lizards (D:1)
  3 kobolds
  3 rats
33 creatures vanquished.

Notes
Turn   | Place    | Note
-------+----------+-------------------------------------------
     0 | D:1      | zishaf the Vampire Enchanter began the quest for the Orb.
     0 | D:1      | Reached XP level 1. HP: 13/13 MP: 3/3
   137 | D:1      | Reached XP level 2. HP: 11/19 MP: 5/5
   488 | D:1      | Learned a level 2 spell: Ensorcelled Hibernation
   832 | D:2      | Reached skill level 5 in Stealth
   832 | D:2      | Gained mutation: You are afflicted with vampirism and can
                  | become a bat while bloodless. [Vampire growth]
   832 | D:2      | Reached XP level 3. HP: 18/25 MP: 6/6
   947 | D:2      | Reached skill level 5 in Hexes
  1317 | D:2      | Reached skill level 1 in Fighting
  1328 | D:2      | Noticed Terence
  1334 | D:2      | HP: 1/26 [poisoned by Terence]
  1334 | D:2      | Slain by Terence

Illustrated notes

Levels and vault maps discovered:
D:1:      minmay_arrival_glassed_features, layout_loops_ring
D:2:      layout_loops_cross, minmay_misc_feat_chi, serial_bayou_pond_e,
          uniq_terence

Skill      XL: |  1  2  3 |
---------------+----------+-----
Stealth        | 5 |  5.1
Short Blades   | 2 |  2.1
Hexes          | 5 |  5.0
Fighting       | 1 |  1.0
Dodging        | |  2.4
Spellcasting   | |  2.1

Action                   || total
-------------------------++-------
Melee: Dagger            ||    92
       Bite              ||    10
 Fire: Hunting sling     ||     9
  Use: Potion            ||     1
 Stab: Sleeping          ||     7
Armor: Robe              ||    14
       Leather armour    ||     1
Dodge: Dodged            ||    49

Table legend: (Time is in decaauts)
 A = Elapsed time spent in this place.
 B = Non-inter-level travel time spent in this place.
 C = Inter-level travel time spent in this place.
 D = Time resting spent in this place.
 E = Time spent auto-exploring this place.
 F = Levels seen in this place.
 G = Mean time per level.
                   A        B        C        D        E       F      G
               +--------+--------+--------+--------+--------+-----+--------+
         Total |   1326 |   1280 |     46 |      0 |    965 |   2 |  663.0 |
       Dungeon |   1326 |   1280 |     46 |      0 |    965 |   2 |  663.0 |
               +--------+--------+--------+--------+--------+-----+--------+

Top non-repeatable levels by time:
     D:1: 811 daAuts
     D:2: 515 daAuts
